 Dungeon Crawl Stone Soup version 0.28-a0-1629-gf728b707aa (webtiles) character file.

Game seed: 9816699685466755881

49 croobank the Caller (level 3, -6/24 HPs)
             Began as a Barachi Summoner on Jan 24, 2022.
             Was an Initiate of Sif Muna.
             Engulfed by a cloud of flame (17 damage)
             ... on level 2 of the Dungeon.
             The game lasted 00:07:44 (2156 turns).

croobank the Caller (Barachi Summoner)              Turns: 2156, Time: 00:07:45

Health: -6/24      AC:  4    Str: 11    XL:     3   Next: 77%
Magic:  5/7        EV: 12    Int: 15    God:    Sif Muna [......]
Gold:   29         SH:  0    Dex: 12    Spells: 1/7 levels left

rFire   . . .      SeeInvis .   b - +0 dagger
rCold   . . .      Faith    .   (no shield)
rNeg    . . .      Spirit   .   a - +0 robe
rPois   .          Reflect  .   c - +1 helmet
rElec   .          Harm     .   (no cloak)
rCorr   .          Rampage  .   (no gloves)
Will    .....                   (no boots)
Stlth   ++........              (no amulet)
HPRegen 0.08/turn               (no ring)
MPRegen 0.10/turn               (no ring)

@: slow
A: amphibious, slowness 1, strong legs 1, +LOS
a: Hop, Renounce Religion


You were on level 2 of the Dungeon.
You worshipped Sif Muna.
Sif Muna was noncommittal.
You visited 1 branch of the dungeon, and saw 2 of its levels.

You collected 29 gold pieces.

Inventory:

Hand Weapons
 b - a +0 dagger (weapon)
Armour
 a - a +0 robe (worn)
 c - a +1 helmet (worn)
Magical Staves
 k - a staff of air
Potions
 i - a potion of heal wounds
 j - a potion of haste {unknown}


   Skills:
 + Level 2.9 Dodging
 + Level 2.4 Stealth
 + Level 2.8 Spellcasting
 + Level 5.2 Summonings


You had one spell level left.
You knew the following spells:

 Your Spells              Type           Power      Damage    Failure   Level
a - Summon Small Mammal   Summ           68%        N/A       2%          1
b - Call Imp              Summ           17%        N/A       3%          2
c - Call Canine Familiar  Summ           17%        N/A       7%          3

Your spell library contained the following spells:

 Spells                   Type           Power      Damage    Failure   Level
 Magic Dart               Conj           8%         1d3       21%         1
 Summon Guardian Golem    Hex/Summ       9%         N/A       22%         3
 Mephitic Cloud           Conj/Pois/Air  2%         N/A       52%         3
 Summon Lightning Spire   Summ/Air       9%         N/A       56%         4


Dungeon Overview and Level Annotations

Branches:
Dungeon (2/15)

Altars:
Sif Muna


Innate Abilities, Weirdness & Mutations

You are amphibious.
You cover ground slowly.
You can hop short distances.
You have an extended range of vision and can be seen from far away.


Message History

Are you sure you want to cancel this blink?
Okay, then.
As you read the scroll labelled UTIECWO SAUMOBB, it crumbles to dust.
It was a scroll of blinking.
As you read the scroll labelled YTIOTE TUEFF, it crumbles to dust.
It is a scroll of identify.
i - a potion of heal wounds
As you read the scroll labelled QIKIOS OFYU, it crumbles to dust.
Wisps of shadow whirl around you...
It was a scroll of summoning.
You swap places.
Your kobold shouts, "Beware of monsters!"
Your frilled lizard dissolves into shadows!
Your adder dissolves into shadows!
Your kobold dissolves into shadows!
There is an open door here.
A bat comes into view.
As you read the scroll labelled PUHURIK MOES, it crumbles to dust.
The creatures around you are filled with an inner flame!
It was a scroll of immolation.
Casting: Call Canine Familiar (quite dangerous; 7% risk of failure)
Confirm with . or Enter, or press ? or * to list all spells.
Casting: Summon Small Mammal (safe; 2% risk of failure)
Confirm with . or Enter, or press ? or * to list all spells.
The bat barely misses your quokka.
The bat hits your quokka but does no damage.
The bat hits your rat. The bat hits your rat.
Your rat dies!
Your rat's corpse disappears in a puff of smoke!
You hit the bat. Sif Muna accepts your kill.
The bat explodes!
The fiery explosion engulfs your quokka!!
You kill your quokka!
Your quokka's corpse disappears in a puff of smoke!
The fiery explosion engulfs you!
Ouch! That really hurt!
You are engulfed in blazing flames.
Ouch! That really hurt!
You die...

################
................
................
................ ###
########.###...####
... ..# ##+###...####
.. #§# #........#...
##.#§####............
#..§@§..#............
#..#....##'#####.....
#. #..........##.....
# +..........##.....
#..........######.
#####(.....#### #.
####.........###.
#............##..
#....####....##..


There were no monsters in sight!

Vanquished Creatures
  2 bats
  2 endoplasms (D:1)
  2 giant cockroaches (D:1)
  A goblin (D:1)
  A hobgoblin (D:1)
  A frilled lizard (D:1)
  A kobold (D:1)
  A rat (D:1)
11 creatures vanquished.

Vanquished Creatures (collateral kills)
  A worm (D:2)
  3 dart slugs
  An endoplasm (D:2)
  A giant cockroach (D:1)
  4 goblins
  4 hobgoblins (D:1)
  3 jackals (D:1)
  2 quokkas
  A ball python (D:2)
  3 frilled lizards
  A kobold (D:1)
  2 rats (D:1)
26 creatures vanquished.

Vanquished Creatures (others)
  A plant (D:1)
1 creature vanquished.

Grand Total: 38 creatures vanquished

Notes
Turn   | Place    | Note
-------+----------+-------------------------------------------
     0 | D:1      | croobank the Barachi Summoner began the quest for the Orb.
     0 | D:1      | Reached XP level 1. HP: 13/13 MP: 3/3
   104 | D:1      | Reached XP level 2. HP: 19/19 MP: 1/5
   107 | D:1      | Learned a level 2 spell: Call Imp
   163 | D:1      | Reached skill level 5 in Summonings
   540 | D:1      | Reached XP level 3. HP: 4/24 MP: 0/6
   989 | D:1      | Learned a level 3 spell: Call Canine Familiar
  1640 | D:2      | Found a shimmering blue altar of Sif Muna.
  1643 | D:2      | Found a faded altar of an unknown god.
  1668 | D:2      | Became a worshipper of Sif Muna the Loreminder
  2156 | D:2      | Engulfed by a cloud of flame

Illustrated notes

Levels and vault maps discovered:
D:1:      lightli_arrival_windingriver, layout_basic, serial_bayou_lake_a
D:2:      layout_basic, ebering_ecumenical_altar_box, basic_altar, hex_large,
          uniq_robin

Skill      XL: |  1  2 |
---------------+-------+-----
Stealth        | 2 |  2.4
Summonings     | 5 |  5.2
Dodging        | |  2.9
Spellcasting   | |  2.8

Action                   || total
-------------------------++-------
Melee: Unarmed           ||     6
       Dagger            ||    74
       Punch             ||     1
 Cast: Summon Small Mamm ||    29
       Call Imp          ||     9
       Call Canine Famil ||     4
  Use: Scroll            ||     7
 Stab: Sleeping          ||     2
Armor: Robe              ||    26
Dodge: Dodged            ||    65

Table legend: (Time is in decaauts)
 A = Elapsed time spent in this place.
 B = Non-inter-level travel time spent in this place.
 C = Inter-level travel time spent in this place.
 D = Time resting spent in this place.
 E = Time spent auto-exploring this place.
 F = Levels seen in this place.
 G = Mean time per level.
                   A        B        C        D        E       F      G
               +--------+--------+--------+--------+--------+-----+--------+
         Total |   2320 |   2280 |     40 |    617 |   1238 |   2 | 1160.0 |
       Dungeon |   2320 |   2280 |     40 |    617 |   1238 |   2 | 1160.0 |
               +--------+--------+--------+--------+--------+-----+--------+

Top non-repeatable levels by time:
     D:1: 1659 daAuts
     D:2: 660 daAuts
